 Dungeon Sprint DCSS version 0.21.1-1-g345015f (webtiles) character file.

548683 sexinstructor the Axe Maniac (level 22, 170/233 HPs)
             Began as a Minotaur Berserker on Mar 17, 2018.
             Was the Champion of Trog.
             Starved to death
             ... in the Dungeon (Sprint IX: "|||||||||||||||||||||||||||||").
             The game lasted 02:40:53 (13918 turns).

sexinstructor the Axe Maniac (Minotaur Berserker)  Turns: 13918, Time: 02:40:54

Health: 170/233    AC: 31    Str: 41    XL:     22   Next: 3%
Magic:  34/34      EV: 27    Int:  5    God:    Trog [******]
Gold:   1282       SH:  0    Dex: 14    Spells: 21/21 levels left

rFire    + + +     SeeInvis .   M - +9 battleaxe of Darkness {chop, rF+ rN++ Int-3 Dex+4}
rCold    . . .     Gourm    .   (shield currently unavailable)
rNeg     + + +     Faith    .   o - +3 storm dragon scales of Rotation {rElec rF++ rC+ MR+ Str+2}
rPois    .         Spirit   .   (helmet restricted)
rElec    +         Reflect  .   X - +2 cloak {+Inv}
rCorr    .         Harm     .   I - +2 pair of gloves {Str+3}
MR       +++..     Rnd*Rage +   J - +1 pair of boots Stlth ++........NoTele +
                                C - amulet of Equilibrium {rElec rN+ MR- Regen+ Int+6}
HPRegen  0.88/turn              s - ring of Ninih {Fire MR++ Slay+6 Stlth-}
MPRegen  0.24/turn              R - +6 ring of strength

@: fainting
A: retaliatory headbutt, horns 2, talons 1, berserk 1, blurry vision 1, clumsy
1, deformed body, dopey 1, low mp 1, wild magic 1, MP-powered wands
0: Orb of Zot
}: 9/15 runes: decaying, serpentine, barnacled, slimy, elven, silver, golden,
abyssal, gossamer
a: Berserk, Trog's Hand, Brothers in Arms, Burn Spellbooks, Renounce Religion,
Evoke Invisibility


You were in the Dungeon.
You worshipped Trog.
Trog was exalted by your worship.
You were fainting.

You visited 1 branch You collected 1961 gold pieces.
You spent 679 gold pieces at shops.

Inventory:

Hand Weapons
 b - the +10 dire flail "Peas" {freeze, -Tele rF+ Str+3}
   (You found it in the Dungeon)

   It has been specially enchanted to freeze those struck by it, causing extra
   injury to most foes and up to half again as much damage against particularly
   susceptible opponents.
   It can also slow down cold-blooded creatures.
   It affects your strength (+3).
   It protects you from fire.
   It prevents most forms of teleportation.
 j - the +9 battleaxe "Cyngyc" {venom, Stlth+}
   (Trog gifted it to you in the Dungeon)

   It poisons the flesh of those it strikes.
   It makes you more stealthy.
 n - the +2 dire flail of Destiny {elec, Int+2 Dex+4}
   (You found it in the Dungeon)

   Occasionally, upon striking a foe, it will discharge some electrical energy
   and cause terrible harm.
   It affects your intelligence (+2).
   It affects your dexterity (+4).
 B - a +5 antimagic executioner's axe
 E - the +7 war axe "Imeqaut" {freeze, MR+}
   (Trog gifted it to you in the Dungeon)

   It has been specially enchanted to freeze those struck by it, causing extra
   injury to most foes and up to half again as much damage against particularly
   susceptible opponents.
   It can also slow down cold-blooded creatures.
   It affects your resistance to hostile enchantments.
 F - the +11 battleaxe of the Doomed Warrior {chop, MR+ Int-5 Dex+2}
   (Trog gifted it to you in the Dungeon)

   It inflicts extra damage upon your enemies.
   It affects your intelligence (-5).
   It affects your dexterity (+2).
   It affects your resistance to hostile enchantments.
 H - a +1 halberd of flaming
 L - the +1 dire flail "Rizip" {antimagic, Stlth+}
   (Trog gifted it to you in the Dungeon)

   It reduces the magical energy of the wielder, and disrupts the spells and
   magical abilities of those hit.
   Natural abilities and divine invocations are not affected.
   It makes you more stealthy.
 M - the +9 battleaxe of Darkness (weapon) {chop, rF+ rN++ Int-3 Dex+4}
   (Trog gifted it to you in the Dungeon)

   It inflicts extra damage upon your enemies.
   It affects your intelligence (-3).
   It affects your dexterity (+4).
   It protects you from fire.
   It greatly protects you from negative energy.
 O - the +3 executioner's axe of Taxation {freeze, +Blink}
   (Trog gifted it to you in the Dungeon)

   It has been specially enchanted to freeze those struck by it, causing extra
   injury to most foes and up to half again as much damage against particularly
   susceptible opponents.
   It can also slow down cold-blooded creatures.
   It lets you blink.
 P - the +1 battleaxe "Veihet" {venom, rN+++ Str-4 Dex+6}
   (Trog gifted it to you in the Dungeon)

   It poisons the flesh of those it strikes.
   It affects your strength (-4).
   It affects your dexterity (+6).
   It renders you almost immune to negative energy.
 W - a +0 rapier
 Y - the +8 battleaxe "Baabbavi" {chop, rElec rPois MR+}
   (Trog gifted it to you in the Dungeon)

   It inflicts extra damage upon your enemies.
   It insulates you from electricity.
   It protects you from poison.
   It affects your resistance to hostile enchantments.
Missiles
 a - 7 exploding tomahawks (quivered)
Armour
 o - the +3 storm dragon scales of Rotation (worn) {rElec rF++ rC+ MR+ Str+2}
   (You found it in the Dungeon)

   It affects your strength (+2).
   It greatly protects you from fire.
   It protects you from cold.
   It insulates you from electricity.
   It affects your resistance to hostile enchantments.
 I - a +2 pair of gloves of strength (worn)
 J - a +1 pair of boots (worn)
 N - +0 shadow dragon scales
 Q - a +4 plate armour
 X - a +2 cloak of invisibility (worn)
Jewellery
 p - the ring of Monotheism {rPois AC+3 Slay+3}
   (You found it in the Dungeon)

   [ring of protection]

   It affects your AC (+3).
   It affects your accuracy and damage with ranged weapons and melee attacks
   (+3).
   It protects you from poison.
 r - a +3 ring of strength
 s - the ring of Ninih (left hand) {Fire MR++ Slay+6 Stlth-}
   (You found it in the Dungeon)

   [ring of fire]

   It enhances your fire magic.
   It affects your accuracy and damage with ranged weapons and melee attacks
   (+6).
   It protects you from fire.
   It makes you vulnerable to cold.
   It affects your resistance to hostile enchantments.
   It makes you less stealthy.
 t - the ring of the Enemy {rPois rN+ Int+3 Dex-3}
   (You found it in the Dungeon)

   [ring of intelligence]

   It affects your intelligence (+3).
   It affects your dexterity (-3).
   It protects you from poison.
   It protects you from negative energy.
 A - the ring "Vufumma" {rCorr rPois Stlth+}
   (You found it in the Dungeon)

   [ring of resist corrosion]

   It protects you from poison.
   It makes you more stealthy.
 C - the amulet of Equilibrium (around neck) {rElec rN+ MR- Regen+ Int+6}
   (You bought it in a shop in the Dungeon)

   [amulet of regeneration]

   It affects your intelligence (+6).
   It insulates you from electricity.
   It protects you from negative energy.
   It affects your resistance to hostile enchantments.
   It increases your rate of regeneration.
 D - an uncursed ring of see invisible
 G - an uncursed ring of protection from fire
 R - a +6 ring of strength (right hand)
 S - a +6 ring of dexterity
 T - a +4 ring of protection
Wands
 m - a wand of acid (10)
 z - a wand of paralysis (20)
Scrolls
 i - a scroll of blinking
 l - 4 scrolls of remove curse
 w - 2 scrolls of identify
 x - 4 scrolls of fear
 y - 5 scrolls of fog
 K - 4 scrolls of enchant weapon
 V - 4 scrolls of enchant armour
Potions
 d - 10 potions of curing
 e - 3 potions of heal wounds
 g - 5 potions of magic
 h - 4 potions of berserk rage
 k - a potion of invisibility
 u - 4 potions of brilliance
 v - 2 potions of might
 U - a potion of agility
Miscellaneous
 q - the horn of Geryon


   Skills:
 O Level 27 Fighting
 O Level 27 Short Blades
 O Level 27 Axes
 O Level 27 Maces & Flails
 O Level 27 Polearms
 + Level 21.7 Throwing
 O Level 27 Armour
 O Level 27 Dodging
 O Level 27 Stealth
 O Level 27 Unarmed Combat
 O Level 27 Evocations


You had 21 spell levels left.
You didn't know any spells.

Dungeon Overview and Level Annotations

Branches:
Dungeon (1/1)

Altars:
Cheibriados
Dithmenos
Elyvilon
Fedhas
Gozag
Hepliaklqana
Kikubaaqudgha
Makhleb
Nemelex Xobeh
Okawaru
Qazlal
Ru
Sif Muna
Trog
Uskayaw
Vehumet
Wu Jian
Xom
Yredelemnul
Zin
The Shining One
Beogh
Jiyva
Lugonu

Shops:
D =}}}


Innate Abilities, Weirdness & Mutations

You reflexively headbutt those who attack you in melee.
You have a pair of horns on your head.
You have sharp toenails.
You tend to lose your temper in combat.
Scrolls take you a little longer to read.
You are clumsy. (Dex -2)
Armour fits poorly on your strangely shaped body.
You are dopey. (Int -2)
Your magical capacity is low. (-10% MP)
Your spells are a little harder to cast, but a little more powerful.
You expend magic power (3 MP) to strengthen your wands.


Message History

a dire flail x2; 14 bolts; an arbalest
Things that are here:
33 bolts; an uncursed arbalest of flaming
There is an open door here.
You see here a bolt.
You see here a bolt.
Items here: ( )) [[ a plate armour; an enchanted dire flail; a chain mail; a halberd; a large rock You see here 2 bolts.
You see here a bolt.
You see here a bolt.
Things that are here:
a plate armour; a war axe
Things that are here:
a chain mail; a halberd
Items here: ))) [[[
Items here: ( )))))) [[[[[[ You see here 6 curare-tipped needles.
You have starved to death.
You die...

...')[)).....))))...)....)))..).)
.▓▓▓▓▓▓▓▓▓▓▓▓▓▓▓▓▓▓▓▓▓▓▓▓▓▓▓▓▓▓▓▓
.........................).......
▓▓▓▓▓▓▓▓▓▓▓▓▓▓▓▓▓▓▓▓▓▓▓▓▓▓▓▓▓▓▓▓▓
.......'.......=....)))))))...[[.
.▓▓▓▓▓▓▓▓▓▓▓▓▓▓▓▓▓▓▓▓▓▓▓▓▓▓▓▓▓▓▓▓
....................[........(.[.
▓▓▓▓▓▓▓▓▓▓▓▓▓▓▓▓▓▓▓▓▓▓▓▓▓▓▓▓▓▓▓▓▓
.........)[[....@..([[[[.(..(.(.[
)▓▓▓▓▓▓▓▓▓▓▓▓▓▓▓▓▓▓▓▓▓▓▓▓▓▓▓▓▓▓▓▓
.)............................)..
▓▓▓▓▓▓▓▓▓▓▓▓▓▓▓▓▓▓▓▓▓▓▓▓▓▓▓▓▓▓▓▓▓
.....))))))))........').........(
.▓▓▓▓▓▓▓▓▓▓▓▓▓▓▓▓▓▓▓▓▓▓▓▓▓▓▓▓▓▓▓▓
.................................
▓▓▓▓▓▓▓▓▓▓▓▓▓▓▓▓▓▓▓▓▓▓▓▓▓▓▓▓▓▓▓▓▓
............'...==....))))))...[[


There were no monsters in sight!

Vanquished Creatures
  the Royal Jelly (D)
  A seraph (D)
  4 orbs of fire (D)
  Mara (D)
  5 ancient liches (D)
  A pandemonium lord (D)
  Sojobo (D)
  9 greater mummies (D)
  Boris (D)
  Margery (D)
  Frederick (D)
  Xtahua (D)
  Geryon (D)
  Jory (D)
  Nikola (D)
  2 golden dragons (D)
  A bone dragon (D)
  2 electric golems (D)
  2 tentacled monstrosities (D)
  29 Orb Guardians (D)
  4 liches (D)
  A deep elf blademaster (D)
  A quicksilver dragon (D)
  Frances (D)
  A deep elf master archer (D)
  8 acid blobs (D)
  12 sphinxes (D)
  Kirke (D)
  8 shadow dragons (D)
  3 tengu reavers (D)
  A draconian monk (D)
  5 nagarajas (D)
  7 storm dragons (D)
  6 azure jellies (D)
  Agnes (D)
  Donald (D)
  Ilsuiw (D)
  A daeva (D)
  A fire giant (D)
  4 frost giants (D)
  A draconian scorcher (D)
  3 draconian knights (D)
  3 ghost moths (D)
  3 draconian shifters (D)
  2 deep elf sorcerers (D)
  An angel (D)
  Aizul (D)
  A draconian stormcaller (D)
  4 emperor scorpions (D)
  3 draconian annihilators (D)
  3 very ugly things (D)
  2 entropy weavers (D)
  An ironheart preserver (D)
  A green draconian (D)
  7 vampire knights (D)
  2 deep elf demonologists (D)
  5 stone giants (D)
  A deep elf annihilator (D)
  A lorocyproca (D)
  5 red draconians (D)
  3 black draconians (D)
  A spark wasp (D)
  4 yellow draconians (D)
  Azrael (D)
  4 purple draconians (D)
  2 white draconians (D)
  5 deep elf death magi (D)
  A merfolk javelineer (D)
  3 ettins (D)
  A mummy priest (D)
  7 death oozes (D)
  2 yaktaur captains (D)
  3 rakshasas (D)
  4 merfolk impalers (D)
  2 great orbs of eyes (D)
  2 deep elf high priests (D)
  2 fire dragons (D)
  3 ogre magi (D)
  2 naga warriors (D)
  25 vault guards (D)
  3 merfolk avatars (D)
  4 ice dragons (D)
  A death knight (D)
  5 hydras (D)
  2 centaur warriors (D)
  A two-headed ogre (D)
  3 merfolk aquamancers (D)
  An alligator (D)
  A deep troll shaman (D)
  4 small abominations (D)
  A naga sharpshooter (D)
  A tengu warrior (D)
  A shock serpent (D)
  5 orc high priests (D)
  4 hell knights (D)
  A wretched star (D)
  A sun demon (D)
  A shadow wraith (D)
  2 starcursed masses (D)
  A cherub (D)
  2 wizards (D)
  A glowing orange brain (D)
  9 swamp dragons (D)
  2 ironbrand convokers (D)
  2 harpies (D)
  A deep elf archer (D)
  9 orc knights (D)
  A deep elf mage (D)
  4 wolf spiders (D)
  11 moths of wrath (D)
  A cyclops (D)
  A moth of wrath (shapeshifter) (D)
  3 merfolk sirens (D)
  A rust devil (D)
  A black mamba (D)
  A vault sentinel (D)
  2 guardian serpents (D)
  A smoke demon (D)
  3 naga magi (D)
  An apocalypse crab (D)
  4 spiny frogs (D)
  2 yaktaurs (shapeshifter) (D)
  A komodo dragon (D)
  7 yaktaurs (D)
  A demonic crawler (D)
  A freezing wraith (D)
  18 guardian mummies (D)
  4 jumping spiders (D)
  3 merfolk (D)
  A wandering mushroom (D)
  A polar bear (D)
  2 hornets (D)
  A tyrant leech (D)
  A bog body (D)
  2 slime creatures (D)
  3 hippogriffs (D)
  A snapping turtle (D)
  2 water elementals (D)
  A shadow (D)
  12 spriggans (D)
  A spriggan (shapeshifter) (D)
  4 redbacks (D)
  A wraith (D)
  A yak (D)
  A hog (shapeshifter) (D)
  A hog (D)
  Eustachio (D)
  A fire elemental (D)
  3 golden eyes (D)
  A basilisk (D)
  2 vampire mosquitoes (D)
  A neqoxec (D)
  3 wargs (D)
  5 nagas (D)
  2 water moccasins (D)
  An acid dragon (D)
  4 hell hounds (D)
  2 swamp drakes (D)
  A floating eye (D)
  5 porcupines (D)
  18 orc warriors (D)
  An eye of draining (D)
  A sky beast (D)
  A boggart (D)
  4 wolves (D)
  2 crocodiles (D)
  A howler monkey (D)
  A wight (D)
  2 crimson imps (D)
  A jelly (D)
  3 orc priests (D)
  An iron imp (D)
  5 orc wizards (D)
  A shadow imp (D)
  An adder zombie (D)
  An adder skeleton (D)
  2 leopard geckos (D)
  4 orcs (D)
  A hobgoblin (D)
  A kobold (D)
  2 goblins (D)
  3 crawling corpses (D)
527 creatures vanquished.

Vanquished Creatures (collateral kills)
  An electric golem (D)
  2 fire dragons (D)
  A great orb of eyes (D)
  2 ice dragons (D)
  2 orc high priests (D)
  3 orc knights (D)
11 creatures vanquished.

Vanquished Creatures (others)
  A guardian serpent (D)
  3 humans (D)
  A naga (D)
  An ufetubus (D)
6 creatures vanquished.

Grand Total: 544 creatures vanquished

Notes
Turn   | Place    | Note
-------+----------+-------------------------------------------
     0 | D        | sexinstructor the Minotaur Berserker began the quest for the Orb.
     0 | D        | Reached XP level 1. HP: 19/19 MP: 0/0
     7 | D        | Reached skill level 5 in Fighting
     8 | D        | Reached ** piety under Trog
    82 | D        | Noticed an orc wizard
    82 | D        | Noticed an orc priest
    82 | D        | Noticed a howler monkey
    86 | D        | Killed an orc wizard
    86 | D        | Reached *** piety under Trog
    86 | D        | Reached XP level 2. HP: 31/35 MP: 1/1
    86 | D        | Reached XP level 3. HP: 35/40 MP: 2/2
    91 | D        | Received a gift from Trog
    91 | D        | Reached skill level 10 in Fighting
    91 | D        | Reached XP level 4. HP: 42/51 MP: 3/3
   228 | D        | Found a roughly hewn altar of Beogh.
   228 | D        | Found a snail-covered altar of Cheibriados.
   228 | D        | Found a shadowy altar of Dithmenos.
   228 | D        | Found a white marble altar of Elyvilon.
   228 | D        | Found a blossoming altar of Fedhas.
   228 | D        | Found an opulent altar of Gozag.
   229 | D        | Found a hazy altar of Hepliaklqana.
   230 | D        | Found a viscous altar of Jiyva.
   231 | D        | Found an ancient bone altar of Kikubaaqudgha.
   232 | D        | Found a corrupted altar of Lugonu.
   233 | D        | Found a burning altar of Makhleb.
   234 | D        | Found a sparkling altar of Nemelex Xobeh.
   235 | D        | Found an iron altar of Okawaru.
   236 | D        | Found a stormy altar of Qazlal.
   237 | D        | Found a sacrificial altar of Ru.
   238 | D        | Found a deep blue altar of Sif Muna.
   239 | D        | Found a bloodstained altar of Trog.
   240 | D        | Found a hide-covered altar of Uskayaw.
   241 | D        | Found a radiant altar of Vehumet.
   242 | D        | Found an ornate altar of the Wu Jian Council.
   243 | D        | Found a shimmering altar of Xom.
   244 | D        | Found a basalt altar of Yredelemnul.
   245 | D        | Found a glowing silver altar of Zin.
   246 | D        | Found a glowing golden altar of the Shining One.
   263 | D        | Got the +2 dire flail of Destiny {elec, Int+2 Dex+4}
   291 | D        | Noticed a two-headed ogre
   291 | D        | Noticed a hippogriff
   291 | D        | Noticed a sky beast
   297 | D        | Killed a two-headed ogre
   297 | D        | Reached **** piety under Trog
   297 | D        | Reached skill level 15 in Maces & Flails
   297 | D        | Reached XP level 5. HP: 61/61 MP: 4/4
   297 | D        | Reached XP level 6. HP: 68/68 MP: 5/5
   297 | D        | Reached XP level 7. HP: 74/74 MP: 6/6
   301 | D        | Killed a hippogriff
   306 | D        | Reached ***** piety under Trog
   311 | D        | Reached XP level 8. HP: 82/82 MP: 7/7
   367 | D        | Reached skill level 5 in Dodging
   369 | D        | Received a gift from Trog
   592 | D        | Noticed a hippogriff
   592 | D        | Noticed a komodo dragon
   594 | D        | Reached skill level 5 in Armour
   600 | D        | Killed a hippogriff
   600 | D        | Reached XP level 9. HP: 89/89 MP: 8/8
   605 | D        | Killed a komodo dragon
   605 | D        | Reached skill level 10 in Armour
   656 | D        | Noticed a spiny frog
   657 | D        | Noticed a spiny frog
   663 | D        | Killed a spiny frog
   663 | D        | Reached ****** piety under Trog
   667 | D        | Killed a spiny frog
   667 | D        | Received a gift from Trog
   742 | D        | Noticed a spiny frog
   754 | D        | Killed a spiny frog
   767 | D        | Noticed a polar bear
   773 | D        | Reached skill level 15 in Armour
   773 | D        | Reached XP level 10. HP: 73/96 MP: 9/9
   782 | D        | Received a gift from Trog
   916 | D        | Received a gift from Trog
  1113 | D        | Received a gift from Trog
  1159 | D        | Received a gift from Trog
  1172 | D        | Noticed an orc high priest
  1176 | D        | Noticed a rust devil
  1198 | D        | Killed an orc high priest
  1397 | D        | Found Bifyer's Jewellery Emporium.
  1397 | D        | Noticed an orc high priest
  1397 | D        | Noticed an orc knight
  1397 | D        | Noticed an orc high priest
  1397 | D        | Noticed an orc knight
  1397 | D        | Noticed an orc knight
  1402 | D        | Killed an orc high priest
  1402 | D        | Reached skill level 15 in Fighting
  1402 | D        | Reached XP level 11. HP: 112/112 MP: 10/10
  1406 | D        | Noticed an orc knight
  1407 | D        | Killed an orc knight
  1408 | D        | Found Qerrityq's Gadget Shoppe.
  1408 | D        | Noticed an orc high priest
  1413 | D        | Noticed an orc knight
  1415 | D        | Killed an orc high priest
  1419 | D        | Killed an orc knight
  1419 | D        | Received a gift from Trog
  1421 | D        | Noticed an orc high priest
  1426 | D        | Killed an orc knight
  1428 | D        | Killed an orc knight
  1430 | D        | Killed an orc high priest
  1431 | D        | Killed an orc knight
  1432 | D        | Killed an orc high priest
  1441 | D        | Noticed an orc high priest
  1462 | D        | Killed an orc high priest
  1652 | D        | Found Qeomon's Gadget Emporium.
  1656 | D        | Found Meafikh's Gadget Shoppe.
  1660 | D        | Noticed an orc high priest
  1661 | D        | Noticed an orc knight
  1662 | D        | Noticed an orc knight
  1666 | D        | Killed an orc high priest
  1671 | D        | Killed an orc knight
  1678 | D        | Killed an orc knight
  1696 | D        | Bought the amulet of Equilibrium {rElec rN+ MR- Regen+ Int+6} for 679 gold pieces
  1831 | D        | Got the +4 halberd of the Queen {elec, +Inv rElec MR+}
  1887 | D        | Noticed a rakshasa
  1887 | D        | Noticed an orc knight
  1888 | D        | Noticed an orc knight
  1894 | D        | Killed a rakshasa
  1894 | D        | Received a gift from Trog
  1894 | D        | Reached skill level 10 in Dodging
  1898 | D        | Noticed a great orb of eyes
  1901 | D        | Killed an orc knight
  1902 | D        | Noticed an ice dragon
  1904 | D        | Noticed a rakshasa
  1909 | D        | Noticed a fire dragon
  1910 | D        | Killed an orc knight
  1915 | D        | Killed a great orb of eyes
  1921 | D        | Killed an ice dragon
  1921 | D        | Reached XP level 12. HP: 108/133 MP: 11/11
  1927 | D        | Killed a rakshasa
  1927 | D        | Killed a fire dragon
  1942 | D        | Noticed an ogre mage
  1947 | D        | Paralysed by an ogre mage for 6 turns
  1957 | D        | Killed an ogre mage
  1958 | D        | Received a gift from Trog
  1958 | D        | Reached skill level 15 in Dodging
  1962 | D        | Got a crystal battleaxe {god gift}
  2043 | D        | Identified the +9 battleaxe "Cyngyc" {venom, Stlth+} (Trog gifted it to you in the Dungeon)
  2099 | D        | Noticed Azrael
  2102 | D        | Reached skill level 1 in Axes
  2106 | D        | Killed Azrael
  2110 | D        | Received a gift from Trog
  2131 | D        | Noticed Kirke
  2200 | D        | Killed Kirke
  2200 | D        | Reached skill level 10 in Axes
  2388 | D        | Noticed a four-headed hydra
  2388 | D        | Noticed a purple very ugly thing
  2392 | D        | Killed a four-headed hydra
  2394 | D        | Noticed a seven-headed hydra
  2409 | D        | Killed a purple very ugly thing
  2409 | D        | Received a gift from Trog
  2411 | D        | Killed a seven-headed hydra
  2431 | D        | Received a gift from Trog
  2434 | D        | Got a faintly glowing dire flail {god gift}
  2435 | D        | Identified the +1 dire flail "Rizip" {antimagic, Stlth+} (Trog gifted it to you in the Dungeon)
  2542 | D        | Noticed a spark wasp
  2545 | D        | Noticed an entropy weaver
  2547 | D        | Reached skill level 15 in Axes
  2559 | D        | Killed a spark wasp
  2562 | D        | Reached XP level 13. HP: 139/139 MP: 12/12
  2568 | D        | Killed an entropy weaver
  2573 | D        | Received a gift from Trog
  2693 | D        | Noticed a merfolk impaler
  2696 | D        | Received a gift from Trog
  2714 | D        | Killed a merfolk impaler
  2787 | D        | Received a gift from Trog
  2821 | D        | Received a gift from Trog
  3004 | D        | Noticed Eustachio
  3018 | D        | Killed Eustachio
  3085 | D        | Noticed a frost giant
  3085 | D        | Noticed an ettin
  3085 | D        | Noticed a fire dragon
  3085 | D        | Noticed a vampire knight
  3089 | D        | Killed a frost giant
  3091 | D        | Killed an ettin
  3091 | D        | Received a gift from Trog
  3092 | D        | Noticed a frost giant
  3105 | D        | Noticed a fire dragon
  3105 | D        | Noticed an ettin
  3105 | D        | Killed a fire dragon
  3109 | D        | Noticed a fire dragon
  3115 | D        | Killed a vampire knight
  3116 | D        | Received a gift from Trog
  3122 | D        | Killed a frost giant
  3127 | D        | Killed an ettin
  3309 | D        | Killed a fire dragon
  3322 | D        | Noticed a stone giant
  3329 | D        | Killed a stone giant
  3370 | D        | Noticed a shadow dragon
  3384 | D        | Killed a shadow dragon
  3384 | D        | Reached XP level 14. HP: 139/148 MP: 13/13
  3400 | D        | Noticed a stone giant
  3400 | D        | Noticed a tengu reaver
  3410 | D        | Killed a stone giant
  3410 | D        | Received a gift from Trog
  3416 | D        | Killed a tengu reaver
  3418 | D        | Got a steaming executioner's axe {god gift}
  3419 | D        | Identified the +3 executioner's axe of Taxation {freeze, +Blink} (Trog gifted it to you in the Dungeon)
  3433 | D        | Noticed a cyan very ugly thing
  3508 | D        | Paralysed by a floating eye for 3 turns
  3533 | D        | Killed a cyan very ugly thing
  3551 | D        | Received a gift from Trog
  3570 | D        | Received a gift from Trog
  3576 | D        | Reached skill level 27 in Axes
  3579 | D        | Noticed a frost giant
  3592 | D        | Got an iridescent battleaxe {god gift}
  3597 | D        | Received a gift from Trog
  3612 | D        | Killed a frost giant
  3615 | D        | Received a gift from Trog
  3627 | D        | Received a gift from Trog
  3747 | D        | Identified the +9 battleaxe of Darkness {chop, rF+ rN++ Int-3 Dex+4} (Trog gifted it to you in the Dungeon)
  3780 | D        | Noticed Frances
  3784 | D        | Noticed Jory
  3788 | D        | Killed Frances
  3799 | D        | Killed Jory
  4025 | D        | Noticed Boris
  4026 | D        | Noticed a tengu reaver
  4027 | D        | Noticed Sojobo
  4028 | D        | Noticed a tengu reaver
  4033 | D        | Killed Boris
  4033 | D        | Received a gift from Trog
  4038 | D        | Killed a tengu reaver
  4039 | D        | Noticed Margery
  4071 | D        | Killed Sojobo
  4082 | D        | Killed a tengu reaver
  4082 | D        | Received a gift from Trog
  4082 | D        | Reached XP level 15. HP: 50/155 MP: 14/14
  4113 | D        | Killed Margery
  4234 | D        | Received a gift from Trog
  4492 | D        | Noticed a nagaraja
  4493 | D        | Noticed a nagaraja
  4501 | D        | Killed a nagaraja
  4504 | D        | Noticed a nagaraja
  4505 | D        | Received a gift from Trog
  4509 | D        | Killed a nagaraja
  4516 | D        | Killed a nagaraja
  4517 | D        | Noticed a nagaraja
  4521 | D        | Noticed a nagaraja
  4521 | D        | Killed a nagaraja
  4521 | D        | Received a gift from Trog
  4539 | D        | Killed a nagaraja
  4559 | D        | Got a serpentine rune of Zot
  4595 | D        | Received a gift from Trog
  4610 | D        | Killed a ghost moth
  4612 | D        | Killed a ghost moth
  4612 | D        | Reached skill level 27 in Dodging
  4623 | D        | Killed a ghost moth
  4629 | D        | Got a crystal battleaxe {god gift}
  4734 | D        | Received a gift from Trog
  4783 | D        | Identified the +1 battleaxe "Veihet" {venom, rN+++ Str-4 Dex+6} (Trog gifted it to you in the Dungeon)
  4805 | D        | Got a gossamer rune of Zot
  4819 | D        | Noticed Ilsuiw
  4825 | D        | Received a gift from Trog
  4844 | D        | Killed Ilsuiw
  4844 | D        | Received a gift from Trog
  4876 | D        | Received a gift from Trog
  4893 | D        | Got a barnacled rune of Zot
  5042 | D        | Received a gift from Trog
  5042 | D        | Reached XP level 16. HP: 174/174 MP: 15/15
  5072 | D        | Received a gift from Trog
  5084 | D        | Got a decaying rune of Zot
  5131 | D        | Noticed Nikola
  5144 | D        | Killed Nikola
  5260 | D        | Reached skill level 5 in Evocations
  5262 | D        | Received a gift from Trog
  5278 | D        | Got an ancient battleaxe {god gift}
  5288 | D        | Reached skill level 10 in Evocations
  5292 | D        | Received a gift from Trog
  5307 | D        | Identified the +8 battleaxe "Baabbavi" {chop, rElec rPois MR+} (Trog gifted it to you in the Dungeon)
  5520 | D        | Received a gift from Trog
  5532 | D        | Received a gift from Trog
  5590 | D        | Reached skill level 15 in Evocations
  5601 | D        | Noticed a shadow dragon
  5605 | D        | Noticed a shadow dragon
  5605 | D        | Received a gift from Trog
  5620 | D        | Killed a shadow dragon
  5620 | D        | Reached skill level 27 in Fighting
  5627 | D        | Killed a shadow dragon
  5638 | D        | Received a gift from Trog
  5923 | D        | Noticed a shadow dragon
  5923 | D        | Noticed a shadow dragon
  5924 | D        | Noticed a tentacled monstrosity
  5936 | D        | Killed a shadow dragon
  5936 | D        | Received a gift from Trog
  5945 | D        | Killed a tentacled monstrosity
  5948 | D        | Noticed a shadow dragon
  5958 | D        | Killed a shadow dragon
  5958 | D        | Received a gift from Trog
  5969 | D        | Killed a shadow dragon
  5969 | D        | Reached XP level 17. HP: 175/191 MP: 27/27
  5971 | D        | Got a polished dire flail
  5972 | D        | Identified the +10 dire flail "Peas" {freeze, -Tele rF+ Str+3} (You found it in the Dungeon)
  5977 | D        | Got a silver rune of Zot
  6016 | D        | Noticed Frederick
  6034 | D        | Killed Frederick
  6071 | D        | Noticed Agnes
  6077 | D        | Killed Agnes
  6088 | D        | Noticed Mara
  6106 | D        | Noticed sexinstructor's illusion
  6106 | D        | Killed Mara
  6106 | D        | Reached skill level 27 in Armour
  7891 | D        | Got the ring of Monotheism {rPois AC+3 Slay+3}
  7893 | D        | Got the ring of Ninih {Fire MR++ Slay+6 Stlth-}
  7895 | D        | Got the ring of the Enemy {rPois rN+ Int+3 Dex-3}
  7897 | D        | Got the ring "Vufumma" {rCorr rPois Stlth+}
  7899 | D        | Got the ring "Teej Hask" {Wiz +Fly}
  7926 | D        | Got the +3 storm dragon scales of Rotation {rElec rF++ rC+ MR+ Str+2}
  7975 | D        | Gained mutation: You are clumsy. (Dex -2) [potion of mutation]
  7975 | D        | Gained mutation: Your spells are a little harder to cast, but a little more powerful. [potion of mutation]
  8078 | D        | Noticed Donald
  8088 | D        | Killed Donald
  8088 | D        | Received a gift from Trog
  8102 | D        | Noticed Aizul
  8109 | D        | Killed Aizul
  8109 | D        | Received a gift from Trog
  8171 | D        | Noticed Xtahua
  8177 | D        | Killed Xtahua
  8199 | D        | Noticed a lich
  8205 | D        | Killed a lich
  8228 | D        | Received a gift from Trog
  8246 | D        | Identified the +3 arbalest of Vitosimi {venom, Int+3} (Trog gifted it to you in the Dungeon)
  8341 | D        | Received a gift from Trog
  8392 | D        | Received a gift from Trog
  8458 | D        | Noticed a quicksilver dragon
  8460 | D        | Received a gift from Trog
  8467 | D        | Killed a quicksilver dragon
  8501 | D        | Received a gift from Trog
  8504 | D        | Got a shimmering battleaxe {god gift}
  8505 | D        | Identified the +11 battleaxe of the Doomed Warrior {chop, MR+ Int-5 Dex+2} (Trog gifted it to you in the Dungeon)
  8612 | D        | Reached XP level 18. HP: 200/200 MP: 31/31
  8623 | D        | Received a gift from Trog
  8640 | D        | Reached skill level 27 in Maces & Flails
  8719 | D        | Noticed a tentacled monstrosity
  8722 | D        | Killed a tentacled monstrosity
  8722 | D        | Received a gift from Trog
  8747 | D        | Received a gift from Trog
  8885 | D        | Noticed an Orb Guardian
  8885 | D        | Noticed an Orb Guardian
  8885 | D        | Noticed an Orb Guardian
  8885 | D        | Noticed an Orb Guardian
  8885 | D        | Noticed an Orb Guardian
  8885 | D        | Noticed an Orb Guardian
  8889 | D        | Killed an Orb Guardian
  8892 | D        | Killed an Orb Guardian
  8899 | D        | Killed an Orb Guardian
  8903 | D        | Noticed an Orb Guardian
  8903 | D        | Killed an Orb Guardian
  8905 | D        | Killed an Orb Guardian
  8909 | D        | Killed an Orb Guardian
  8909 | D        | Received a gift from Trog
  8913 | D        | Killed an Orb Guardian
  8919 | D        | Noticed an Orb Guardian
  8920 | D        | Noticed an Orb Guardian
  8927 | D        | Killed an Orb Guardian
  8930 | D        | Killed an Orb Guardian
  9024 | D        | Noticed an Orb Guardian
  9029 | D        | Killed an Orb Guardian
  9036 | D        | Noticed a golden dragon
  9036 | D        | Noticed an Orb Guardian
  9036 | D        | Noticed an Orb Guardian
  9040 | D        | Killed a golden dragon
  9040 | D        | Received a gift from Trog
  9043 | D        | Noticed an Orb Guardian
  9043 | D        | Killed an Orb Guardian
  9043 | D        | Reached skill level 27 in Evocations
  9045 | D        | Killed an Orb Guardian
  9046 | D        | Noticed an Orb Guardian
  9055 | D        | Reached skill level 10 in Unarmed Combat
  9061 | D        | Killed an Orb Guardian
  9067 | D        | Killed an Orb Guardian
  9067 | D        | Received a gift from Trog
  9103 | D        | Noticed an ancient lich
  9107 | D        | Killed an ancient lich
  9107 | D        | Received a gift from Trog
  9111 | D        | Got a brightly glowing war axe {god gift}
  9112 | D        | Identified the +7 war axe "Imeqaut" {freeze, MR+} (Trog gifted it to you in the Dungeon)
  9116 | D        | Noticed an orb of fire
  9125 | D        | Killed an orb of fire
  9125 | D        | Reached XP level 19. HP: 175/207 MP: 35/35
  9165 | D        | Noticed an electric golem
  9170 | D        | Killed an electric golem
  9173 | D        | Noticed an orb of fire
  9173 | D        | Noticed a golden dragon
  9173 | D        | Noticed an orb of fire
  9180 | D        | Noticed an orb of fire
  9187 | D        | Killed an orb of fire
  9190 | D        | Gained mutation: Your magical capacity is low. (-10% MP) [an orb of fire]
  9191 | D        | Gained mutation: You tend to lose your temper in combat. [an orb of fire]
  9194 | D        | Noticed an electric golem
  9197 | D        | Gained mutation: Armour fits poorly on your strangely shaped body. [an orb of fire]
  9198 | D        | Gained mutation: Scrolls take you a little longer to read. [an orb of fire]
  9199 | D        | Gained mutation: You have sharp toenails. [an orb of fire]
  9200 | D        | Killed an orb of fire
  9201 | D        | Gained mutation: You expend magic power (3 MP) to strengthen your wands. [an orb of fire]
  9203 | D        | Gained mutation: You are dopey. (Int -2) [an orb of fire]
  9204 | D        | Killed an electric golem
  9209 | D        | Killed an orb of fire
  9210 | D        | Killed a golden dragon
  9215 | D        | Noticed an ancient lich
  9273 | D        | Killed an ancient lich
  9273 | D        | Received a gift from Trog
  9277 | D        | Reached skill level 27 in Unarmed Combat
  9285 | D        | Received a gift from Trog
  9285 | D        | Reached skill level 5 in Stealth
  9350 | D        | Noticed an electric golem
  9358 | D        | Killed an electric golem
  9392 | D        | Received a gift from Trog
  9414 | D        | Reached skill level 15 in Stealth
  9591 | D        | Received a gift from Trog
  9599 | D        | Received a gift from Trog
  9771 | D        | Noticed an ancient lich
  9771 | D        | Noticed an ancient lich
  9786 | D        | Killed an ancient lich
  9786 | D        | Received a gift from Trog
  9786 | D        | Reached XP level 20. HP: 216/216 MP: 32/32
  9794 | D        | Killed an ancient lich
  9801 | D        | Received a gift from Trog
  9817 | D        | Noticed an ancient lich
  9831 | D        | Killed an ancient lich
  9838 | D        | Received a gift from Trog
  9986 | D        | Received a gift from Trog
 10014 | D        | Received a gift from Trog
 10058 | D        | Received a gift from Trog
 10093 | D        | Reached skill level 27 in Stealth
 10097 | D        | Received a gift from Trog
 10100 | D        | Reached skill level 5 in Throwing
 10252 | D        | Received a gift from Trog
 10272 | D        | Received a gift from Trog
 10278 | D        | Received a gift from Trog
 10278 | D        | Reached skill level 10 in Throwing
 10354 | D        | Got an elven rune of Zot
 10436 | D        | Noticed the Royal Jelly
 10478 | D        | Received a gift from Trog
 10499 | D        | Reached skill level 5 in Short Blades
 10502 | D        | Received a gift from Trog
 10668 | D        | Killed the Royal Jelly
 10668 | D        | Reached skill level 15 in Short Blades
 10765 | D        | Received a gift from Trog
 10769 | D        | Received a gift from Trog
 10785 | D        | Got a slimy rune of Zot
 10974 | D        | Received a gift from Trog
 10979 | D        | Received a gift from Trog
 10979 | D        | Reached XP level 21. HP: 224/224 MP: 33/33
 10981 | D        | Received a gift from Trog
 10988 | D        | Received a gift from Trog
 10999 | D        | Received a gift from Trog
 11053 | D        | Received a gift from Trog
 11056 | D        | Received a gift from Trog
 11101 | D        | Noticed a greater mummy
 11101 | D        | Noticed a greater mummy
 11103 | D        | Received a gift from Trog
 11105 | D        | Killed a greater mummy
 11173 | D        | Killed a greater mummy
 11173 | D        | Received a gift from Trog
 11173 | D        | Reached skill level 27 in Short Blades
 11349 | D        | Reached skill level 10 in Polearms
 11505 | D        | Noticed a greater mummy
 11505 | D        | Noticed a greater mummy
 11505 | D        | Noticed a greater mummy
 11505 | D        | Noticed a greater mummy
 11506 | D        | Noticed a greater mummy
 11724 | D        | Killed a greater mummy
 11802 | D        | Received a gift from Trog
 11809 | D        | Identified the +2 glaive "Xiydism" {chop, rPois} (Trog gifted it to you in the Dungeon)
 11869 | D        | Killed a greater mummy
 11942 | D        | Killed a greater mummy
 11966 | D        | Killed a greater mummy
 11966 | D        | Received a gift from Trog
 12201 | D        | Noticed a greater mummy
 12202 | D        | Noticed a greater mummy
 12261 | D        | Killed a greater mummy
 12261 | D        | Received a gift from Trog
 12272 | D        | Killed a greater mummy
 12340 | D        | Killed a greater mummy
 12356 | D        | Got a golden rune of Zot
 12364 | D        | Received a gift from Trog
 12370 | D        | Received a gift from Trog
 12383 | D        | Received a gift from Trog
 12408 | D        | Got an abyssal rune of Zot
 12670 | D        | Noticed Geryon
 12689 | D        | Killed Geryon
 12689 | D        | Received a gift from Trog
 12689 | D        | Reached skill level 27 in Polearms
 12689 | D        | Reached skill level 15 in Throwing
 13413 | D        | Got the Orb of Zot
 13690 | D        | Noticed a seraph
 13707 | D        | Noticed Bumuz the pandemonium lord
 13710 | D        | Killed a seraph
 13713 | D        | Received a gift from Trog
 13731 | D        | Killed Bumuz the pandemonium lord
 13739 | D        | Reached XP level 22. HP: 56/233 MP: 34/34
 13746 | D        | Received a gift from Trog
 13821 | D        | Received a gift from Trog
 13918 | D        | Starved to death

Skill      XL: |  1  2  3  4  5  6  7  8  9 10 11 12 13 14 15 16 17 18 19 20 21 |
---------------+----------------------------------------------------------------+-----
Fighting       | 8 10 11 15 20 23 27 | 27.0
Maces & Flails | 15 17 25 27 | 27.0
Dodging        | 9 13 15 22 27 | 27.0
Armour         | 8 15 18 20 25 27 | 27.0
Axes           | 16 25 27 | 27.0
Evocations     | 15 21 27 | 27.0
Unarmed Combat | 18 27 | 27.0
Stealth        | 21 27 | 27.0
Throwing       | 14 21 | 21.7
Short Blades   | 21 27 | 27.0
Polearms       | 27 | 27.0

Action                   |  1- 3 |  4- 6 |  7- 9 | 10-12 | 13-15 | 16-18 | 19-21 | 22-24 || total
-------------------------+-------+-------+-------+-------+-------+-------+-------+-------++-------
Melee: Mace              |    14 |     5 |       |       |       |       |       |       ||    19
       Headbutt          |     4 |     1 |    11 |    56 |   132 |   198 |   183 |     6 ||   591
       Dire flail        |       |     5 |    72 |   194 |     2 |    15 |    39 |       ||   327
       Battleaxe         |       |       |       |    29 |   348 |   529 |   503 |    10 ||  1419
       Unarmed           |       |       |       |    15 |       |       |       |       ||    15
       Executioner's axe |       |       |       |       |    65 |     1 |       |       ||    66
Invok: Berserk           |     1 |     1 |       |     7 |     7 |     1 |     3 |       ||    20
       Brothers in Arms  |       |       |       |     3 |     5 |       |     2 |       ||    10
       Trog's Hand       |       |       |       |     1 |     2 |       |     4 |       ||     7
 Abil: Evoke Blink       |       |       |       |       |       |       |     1 |       ||     1
  Use: Potion            |       |       |       |     1 |     6 |     1 |    11 |     2 ||    21
       Scroll            |       |       |       |       |     2 |     3 |     6 |       ||    11
 Stab: Confused          |       |       |       |     1 |       |       |       |       ||     1
       Distracted        |       |       |       |       |     1 |       |     2 |       ||     3
       Sleeping          |       |       |       |       |       |       |    11 |       ||    11
  Eat: Chunk             |       |       |     1 |     8 |     7 |     7 |     4 |       ||    27
       Ration            |       |       |       |     2 |     3 |     2 |     4 |       ||    11
Armor: Chain mail        |       |     3 |     7 |       |       |       |       |       ||    10
       Animal skin       |       |     1 |       |       |       |       |       |       ||     1
       Plate armour      |       |       |    15 |    66 |   153 |    94 |       |       ||   328
       Shadow dragon sca |       |       |       |       |    43 |       |       |       ||    43
       Storm dragon scal |       |       |       |       |       |    85 |   203 |     1 ||   289
Dodge: Dodged            |     5 |     5 |    21 |    78 |   273 |   305 |   349 |     5 ||  1041
